[Event "Titled Tuesday Blitz January 25 2022"]
[White "Aditya Mittal"]
[Black "Reprintsev, Alexander"]
[WhiteFideId "35042025"]
[BlackFideId "14100541"]
[WhiteElo "2287"]
[BlackElo "2126"]
[Result "1-0"]
[Round "08"]
[TimeControl "180+1"]
[Date "2022.01.26"]
[WhiteClock "0:00:24"]
[BlackClock "0:00:02"]

1. d4 d5 2. c4 e5 3. dxe5 d4 4. Nf3 Nc6 5. a3 g6 6. b4 Bg7 7. Bb2 Nh6 8. Nbd2 O-O 9. Nb3 Nf5 10. Nbxd4 Ncxd4 11. Nxd4 Bxe5 12. e3 c5 13. bxc5 Qf6 14. Qd2 Rd8 15. Rd1 Bd7 16. Qb4 Bc6 17. Bd3 Bxd4 18. exd4 Bxg2 19. Rg1 Bf3 20. d5 Qe7+ 21. Kd2 Bxd1 22. Rxd1 Qg5+ 23. Kc2 Qf4 24. Qc3 Kf8 25. Re1 Qxf2+ 26. Re2 Ne3+ 27. Kb3 Qf4 28. Qh8+ Ke7 29. Qd4 Qxd4 30. Bxd4 Kd7 31. Rxe3 Re8 32. Rf3 f5 33. Kc3 Re1 34. Bc2 Rae8 35. Ba4+ 1-0


[Site "https://www.chess.com"]

[Event "Titled Tuesday Blitz January 25 2022"]
[White "Agasarov, Benik"]
[Black "De Silva, L M S T"]
[WhiteFideId "13314823"]
[BlackFideId "9953698"]
[WhiteElo "2589"]
[BlackElo "1631"]
[Result "0-1"]
[Round "08"]
[TimeControl "180+1"]
[Date "2022.01.26"]
[WhiteClock "0:00:08"]
[BlackClock "0:00:13"]

1. d4 Nf6 2. c4 e6 3. Nc3 Bb4 4. Qc2 d6 5. e4 Bxc3+ 6. bxc3 e5 7. Bd3 Nc6 8. Ne2 O-O 9. O-O Ne7 10. f3 Ng6 11. Be3 b6 12. c5 bxc5 13. dxc5 Be6 14. Rfd1 Qe7 15. cxd6 cxd6 16. Rab1 Rfc8 17. Qa4 d5 18. Ba6 Rc7 19. Bg5 dxe4 20. Bxf6 Qc5+ 21. Kh1 exf3 22. Rd8+ Rxd8 23. Bxd8 fxg2+ 24. Kxg2 Qd5+ 25. Kf2 Qxd8 26. Rd1 Qe7 27. Bd3 h6 28. Bxg6 Qf6+ 29. Kg1 Qxg6+ 30. Ng3 Rxc3 31. Qh4 Kh7 32. Re1 f6 33. Qe4 Qxe4 34. Nxe4 Rc2 35. a3 Ra2 36. Re3 Bf5 37. Nd6 Bg6 38. Rc3 e4 39. Nc8 a6 40. Ne7 f5 41. Nd5 Rd2 42. Nf4 Be8 43. Rc7 Bd7 44. Kf1 g5 45. Nh5 Kg6 46. Ng3 e3 47. Ra7 Bb5+ 48. Ke1 f4 49. Ne4 Re2+ 50. Kd1 f3 51. Re7 Ba4+ 52. Kc1 f2 53. Ng3 f1=Q+ 54. Nxf1 Re1+ 55. Kb2 Rxf1 56. Rxe3 Rf2+ 57. Kc3 Rxh2 58. Re6+ Kh5 59. Rxa6 Bd1 60. a4 Rh3+ 61. Kd2 Bxa4 62. Rxa4 Rf3 63. Ke2 Rf8 64. Ra5 Kg4 65. Ra6 h5 66. Ra4+ Rf4 67. Ra8 h4 68. Rh8 Rf7 69. Rg8 Rf5 70. Ke3 Kg3 71. Ke4 Rf4+ 72. Ke3 g4 73. Rh8 h3 74. Ke2 Rf7 0-1


[Site "https://www.chess.com"]

[Event "Titled Tuesday Blitz January 25 2022"]
[White "Atakhan, Abtin"]
[Black "Vakhlamov, Igor L."]
[WhiteFideId "22502203"]
[BlackFideId "24126748"]
[WhiteElo "2119"]
[BlackElo "2401"]
[Result "1-0"]
[Round "08"]
[TimeControl "180+1"]
[Date "2022.01.26"]
[WhiteClock "0:00:36"]
[BlackClock "0:00:12"]

1. d4 d5 2. Nf3 Nf6 3. g3 Bf5 4. Bg2 e6 5. O-O Be7 6. c4 c6 7. Nc3 h6 8. Qb3 Qb6 9. c5 Qa6 10. Re1 b6 11. cxb6 axb6 12. Ne5 O-O 13. Bf4 c5 14. e4 dxe4 15. Nxe4 Nxe4 16. Bxe4 Bxe4 17. Rxe4 Qb7 18. Rae1 Nc6 19. d5 Nd4 20. Rxd4 cxd4 21. dxe6 f6 22. Ng6 Rfd8 23. Rc1 Rac8 24. Rxc8 Rxc8 25. Qd5 Qa7 26. Qd7 Qxd7 27. exd7 Rd8 28. Nxe7+ Kf7 29. Nc8 Rxd7 30. Nxb6 Ra7 31. a4 Ra6 32. Bc7 Ra7 33. Bd6 Ke6 34. b4 d3 35. Kf1 Rb7 36. Bc5 Kf5 37. Ke1 Ke4 38. Kd2 Ra7 39. a5 g5 40. Nc4 Ra8 41. Nd6+ Kd5 42. Kxd3 h5 43. Nb5 Kc6 44. Nc3 Rd8+ 45. Kc4 Re8 46. b5+ Kb7 47. a6+ Kc7 48. b6+ Kb8 49. Bd6+ Kc8 50. b7+ Kd7 51. b8=Q Rxb8 52. Bxb8 Ke6 53. a7 Kf5 54. a8=Q Kg4 55. Qg2 h4 56. h3+ Kh5 57. g4+ Kg6 58. Qe4+ Kf7 59. Nd5 f5 60. Qe7+ Kg6 61. Be5 fxg4 62. hxg4 h3 63. Nf4+ gxf4 64. Kd5 h2 65. Ke6 h1=Q 66. Qg7# 1-0


[Site "https://www.chess.com"]

[Event "Titled Tuesday Blitz January 25 2022"]
[White "Azadaliyev, Jahandar"]
[Black "Soderstrom, Adrian"]
[WhiteFideId "13425811"]
[BlackFideId "1745786"]
[WhiteElo "1795"]
[BlackElo "2107"]
[Result "1-0"]
[Round "08"]
[TimeControl "180+1"]
[Date "2022.01.26"]
[WhiteClock "0:01:11"]
[BlackClock "0:00:02"]

1. d4 Nf6 2. c4 g6 3. Nf3 Bg7 4. g3 O-O 5. Bg2 Nc6 6. O-O d5 7. cxd5 Nxd5 8. Nc3 e5 9. Nxd5 e4 10. Nd2 Qxd5 11. Nxe4 Qxd4 12. Qxd4 Nxd4 13. Bg5 Nxe2+ 14. Kh1 h6 15. Be3 Nd4 16. Rad1 Nf5 17. Bc5 Re8 18. b3 Be6 19. Nd2 c6 20. Rfe1 Bd4 21. Ne4 Bg7 22. g4 Ne7 23. Nd6 Reb8 24. Nxf7 Kxf7 25. Rd6 Bd5 26. Rd7 Bxg2+ 27. Kxg2 Re8 28. Bxe7 Kg8 29. Rxb7 Bd4 30. Rd1 c5 31. b4 Rac8 32. bxc5 Bxc5 33. Bxc5 Rxc5 34. Rdd7 Rc4 35. Rg7+ Kh8 36. Rh7+ Kg8 37. Rbg7+ Kf8 38. Rxg6 Ree4 39. h3 Re2 40. Rf6+ Kg8 41. Rhxh6 Rcc2 42. Rhg6+ Kh7 43. Rg5 Rxa2 44. h4 a5 45. h5 Re7 46. Rgg6 a4 47. g5 a3 48. Rf3 Rb2 49. Rxa3 Rf7 50. Rf3 Rxf3 51. Kxf3 Rb3+ 52. Kg4 Rb4+ 53. f4 Rb5 54. Rh6+ Kg7 55. Rc6 Rb7 56. h6+ Kh7 57. Kh5 Rb5 58. Rc7+ Kg8 59. f5 Rxf5 60. Kg6 Rf8 61. Kh5 Rf5 62. Rb7 Re5 63. Kg4 Re8 64. g6 Kf8 65. h7 1-0


[Site "https://www.chess.com"]

[Event "Titled Tuesday Blitz January 25 2022"]
[White "Babazada, Khazar"]
[Black "Vasquez Schroeder, Rodrigo"]
[WhiteFideId "13413554"]
[BlackFideId "3400042"]
[WhiteElo "2926"]
[BlackElo "2872"]
[Result "1-0"]
[Round "08"]
[TimeControl "180+1"]
[Date "2022.01.26"]
[WhiteClock "0:00:44"]
[BlackClock "0:00:47"]

1. Nf3 d5 2. g3 g6 3. Bg2 Bg7 4. d4 Nf6 5. O-O O-O 6. c4 c6 7. b3 a5 8. Nc3 Be6 9. c5 Nbd7 10. Bf4 Bf5 11. Nh4 Be6 12. Qd2 b6 13. cxb6 Nxb6 14. Rac1 Rc8 15. Bh6 Nfd7 16. Bxg7 Kxg7 17. f4 f6 18. f5 Bf7 19. fxg6 hxg6 20. e4 e5 21. dxe5 Nxe5 22. Rcd1 Qe7 23. Qf2 Nbd7 24. exd5 cxd5 25. Nxd5 Bxd5 26. Rxd5 Rc5 27. Rd4 Rfc8 28. Be4 Qe6 29. Rfd1 Rc1 30. Nxg6 Ng4 31. Qd2 Rxd1+ 32. Qxd1 Nc5 33. Nf4 1-0


[Site "https://www.chess.com"]

[Event "Titled Tuesday Blitz January 25 2022"]
[White "Bacrot, Etienne"]
[Black "Tregubov, Pavel V."]
[WhiteFideId "605506"]
[BlackFideId "4115341"]
[WhiteElo "2673"]
[BlackElo "2341"]
[Result "1-0"]
[Round "08"]
[TimeControl "180+1"]
[Date "2022.01.26"]
[WhiteClock "0:00:07"]
[BlackClock "0:00:02"]

1. Nf3 Nf6 2. g3 c5 3. Bg2 Nc6 4. O-O e5 5. c4 d5 6. cxd5 Nxd5 7. Nc3 Be6 8. d3 Be7 9. Bd2 O-O 10. Rc1 Rc8 11. a3 f6 12. Ne4 b6 13. h4 Qd7 14. h5 Bh3 15. Bxh3 Qxh3 16. Qb3 Qe6 17. Nc3 Nf4 18. Qxe6+ Nxe6 19. Be3 Rfd8 20. Kg2 Ncd4 21. Bxd4 cxd4 22. Ne4 f5 23. Ned2 Bf6 24. Rfd1 Nc5 25. Rc4 b5 26. Rc2 Na4 27. Rdc1 Rxc2 28. Rxc2 Rd7 29. Rc8+ Kf7 30. b4 Nc3 31. Rc5 Ke6 32. Nb3 a6 33. Rc6+ Rd6 34. Nc5+ Kd5 35. Rxa6 Rxa6 36. Nxa6 Nxe2 37. Nc7+ Kc6 38. Ne8 e4 39. Nd2 Bg5 40. f4 exf3+ 41. Nxf3 Bh6 42. Ne5+ Kd5 43. Nf7 Nc1 44. Nc7+ Kc6 45. Ne6 Nxd3 46. Nxd4+ Kd5 47. Nxf5 Bc1 48. Nxg7 Bxa3 49. Ng5 h6 50. Nf7 Bc1 51. Nf5 Nxb4 52. N7xh6 Nc2 53. Ng4 b4 54. h6 b3 55. h7 Bb2 56. Kf3 Bh8 57. Nge3+ Ke5 58. Ke2 Nb4 59. Nh4 Ke4 60. Nd1 Nd5 61. Ng6 Bf6 62. h8=Q Bxh8 63. Nxh8 Kf5 64. Kf3 Kf6 65. Ke4 Nb4 66. Kd4 Kg7 67. Kc4 Nc2 68. Kxb3 Ne1 69. Kc3 Kxh8 70. Kd2 Nf3+ 71. Ke3 Ng5 72. Kf4 Ne6+ 73. Ke5 Ng5 74. Ne3 Kg7 75. Kf5 Nf7 76. Ke6 Ng5+ 77. Ke5 Nf7+ 78. Kf5 Nh6+ 79. Ke6 Nf7 80. Nf5+ Kf8 81. Kf6 Kg8 82. g4 Kf8 83. Ne7 1-0


[Site "https://www.chess.com"]

[Event "Titled Tuesday Blitz January 25 2022"]
[White "Bambino Filho, Antonio Carlos"]
[Black "Pakleza, Zbigniew"]
[WhiteFideId "2113163"]
[BlackFideId "1119290"]
[WhiteElo "2448"]
[BlackElo "2467"]
[Result "0-1"]
[Round "08"]
[TimeControl "180+1"]
[Date "2022.01.26"]
[WhiteClock "0:00:05"]
[BlackClock "0:00:04"]

1. d4 d6 2. c4 e5 3. Nf3 exd4 4. Nxd4 g6 5. g3 Bg7 6. Bg2 Ne7 7. O-O O-O 8. Nc3 Nd7 9. Bg5 h6 10. Be3 Nb6 11. b3 c5 12. Ndb5 Nf5 13. Bd2 a6 14. Na3 Be6 15. Nc2 Re8 16. Rc1 Qc7 17. Ne3 Nd4 18. Re1 Rad8 19. Ncd5 Nxd5 20. Nxd5 Qc8 21. e3 Nc6 22. Bc3 Bxd5 23. Bxd5 Bxc3 24. Rxc3 Nb4 25. a3 Nxd5 26. Qxd5 b5 27. Rd1 Re6 28. Rcd3 Qc7 29. h4 h5 30. Qg5 Rd7 31. Rd5 Kg7 32. Qf4 Rf6 33. Qg5 Qa5 34. b4 cxb4 35. axb4 Qxb4 36. c5 a5 37. Rxd6 Rdxd6 38. cxd6 Rxd6 39. Qe5+ Rf6 40. Kg2 a4 41. Rd4 Qf8 42. Qxb5 a3 43. Qe5 Qa8+ 44. e4 a2 45. Rd1 Qa6 46. Qd4 Qe2 47. e5 Rxf2+ 48. Qxf2 Qxd1 49. Qf6+ Kg8 50. e6 Qd5+ 51. Kh3 Qxe6+ 0-1


[Site "https://www.chess.com"]

[Event "Titled Tuesday Blitz January 25 2022"]
[White "Carlsson, Ludvig"]
[Black "Punin, Andrii"]
[WhiteFideId "1727010"]
[BlackFideId "14112639"]
[WhiteElo "2178"]
[BlackElo "2357"]
[Result "1/2-1/2"]
[Round "08"]
[TimeControl "180+1"]
[Date "2022.01.26"]
[WhiteClock "0:00:06"]
[BlackClock "0:00:40"]

1. e4 c6 2. Nf3 d5 3. d3 Qc7 4. exd5 cxd5 5. c4 Nf6 6. Nc3 dxc4 7. dxc4 a6 8. Be2 e6 9. O-O Bc5 10. Bg5 Nbd7 11. Qc2 O-O 12. a3 Ne5 13. Bxf6 Nxf3+ 14. Bxf3 gxf6 15. Qd2 Qe5 16. Rfe1 Qg5 17. Qxg5+ fxg5 18. Ne4 Be7 19. Red1 Rb8 20. Nd6 Rd8 21. Nxc8 Rxd1+ 22. Rxd1 Rxc8 23. Bxb7 Rxc4 24. Bxa6 Rc2 25. b4 Ra2 26. Rb1 Rxa3 27. Be2 Bd8 28. b5 Bb6 29. Kf1 Ra2 30. g3 Kg7 31. Rc1 Rb2 32. Rc6 Bd4 33. Rc4 Bb6 34. Rc6 Bd4 35. Rc4 e5 36. Rc6 h6 37. h3 f5 38. Rc7+ Kf8 39. Rc6 Kg7 40. Rc7+ Kf6 41. Rc6+ Kg7 1/2-1/2


[Site "https://www.chess.com"]

[Event "Titled Tuesday Blitz January 25 2022"]
[White "Cherniaiev, Tykhon"]
[Black "Pap, Gyula"]
[WhiteFideId "14182360"]
[BlackFideId "725323"]
[WhiteElo "2289"]
[BlackElo "2553"]
[Result "1/2-1/2"]
[Round "08"]
[TimeControl "180+1"]
[Date "2022.01.26"]
[WhiteClock "0:00:05"]
[BlackClock "0:00:03"]

1. Nf3 c5 2. c4 g6 3. Nc3 Bg7 4. d4 cxd4 5. Nxd4 Nc6 6. e3 Nf6 7. Be2 O-O 8. O-O d5 9. cxd5 Nxd5 10. Nxd5 Qxd5 11. Bf3 Qc5 12. Bxc6 bxc6 13. Bd2 Qb6 14. Rc1 Qxb2 15. Nxc6 Qxa2 16. Nxe7+ Kh8 17. Bc3 Be6 18. Bxg7+ Kxg7 19. Qd4+ f6 20. Nc6 Rf7 21. Rfd1 Rc8 22. Ra1 Qb3 23. Nd8 Rfc7 24. Rxa7 Bg8 25. h3 Qxd1+ 26. Qxd1 Rxa7 27. Qd6 Rac7 28. Ne6+ Bxe6 29. Qxe6 Rd8 30. Kh2 Rdd7 31. h4 Re7 32. Qd6 h5 33. g3 Red7 34. Qe6 Rd2 35. Kg2 Rdd7 36. Qb6 Rb7 37. Qa6 Ra7 38. Qc6 Rdc7 39. Qd6 Rd7 40. Qb8 Rdb7 41. Qf4 Rb2 42. Qd4 Rbb7 43. Kh3 Rd7 44. Qf4 Ra2 45. e4 Rdd2 46. Qc7+ Kh6 47. Qf7 Rxf2 48. Qf8+ Kh7 49. Qf7+ Kh6 50. Qf8+ Kh7 51. Qf7+ Kh6 1/2-1/2


[Site "https://www.chess.com"]

[Event "Titled Tuesday Blitz January 25 2022"]
[White "Daneshvar, Bardiya"]
[Black "Prieto Aranguren, Alain"]
[WhiteFideId "12576468"]
[BlackFideId "2268906"]
[WhiteElo "2295"]
[BlackElo "2235"]
[Result "1/2-1/2"]
[Round "08"]
[TimeControl "180+1"]
[Date "2022.01.26"]
[WhiteClock "0:00:15"]
[BlackClock "0:00:35"]

1. Nf3 Nc6 2. d4 f5 3. d5 Nb8 4. c4 g6 5. h4 Nf6 6. Nc3 Bg7 7. Nd4 O-O 8. Bg5 d6 9. e3 c5 10. Ne6 Bxe6 11. dxe6 Nc6 12. Nd5 Nxd5 13. cxd5 Nb4 14. a3 Na6 15. Bxa6 Qa5+ 16. Qd2 Qxa6 17. Bxe7 Rfc8 18. h5 Rc7 19. Bg5 c4 20. Rc1 Qb5 21. hxg6 hxg6 22. O-O Bxb2 23. Rc2 Bg7 24. Rfc1 c3 25. Qd1 Rc5 26. e7 Rxd5 27. Qe1 Kf7 28. Rxc3 Bxc3 29. Qxc3 Re5 30. Qd4 Re8 31. Qxd6 Re6 32. Qh2 Qe5 33. Qh7+ Qg7 34. Qh4 Re4 35. Qg3 Rg4 36. Qd6 Rxg5 37. Qd5+ Kf6 38. Qd6+ Kf7 39. Qd5+ Kf6 40. Qd6+ Kf7 1/2-1/2


[Site "https://www.chess.com"]

[Event "Titled Tuesday Blitz January 25 2022"]
[White "Dastan, Muhammed Batuhan"]
[Black "Sadhwani, Raunak"]
[WhiteFideId "6300014"]
[BlackFideId "35093487"]
[WhiteElo "2410"]
[BlackElo "2616"]
[Result "0-1"]
[Round "08"]
[TimeControl "180+1"]
[Date "2022.01.26"]
[WhiteClock "0:00:20"]
[BlackClock "0:00:37"]

1. d4 Nf6 2. c4 g6 3. Nc3 Bg7 4. e4 d6 5. h3 O-O 6. Be3 Nc6 7. d5 Ne5 8. f4 Ned7 9. g4 Re8 10. g5 Nh5 11. Nge2 e6 12. dxe6 Rxe6 13. Bg2 Re8 14. O-O Nc5 15. Bxc5 dxc5 16. Qxd8 Rxd8 17. e5 h6 18. h4 hxg5 19. hxg5 c6 20. Rad1 Bg4 21. Bf3 Rxd1 22. Nxd1 Bf5 23. Ndc3 Rd8 24. b3 Rd2 25. Rd1 Rc2 26. Rd8+ Kh7 27. Rb8 Nxf4 28. Rxb7 Nh3+ 29. Kg2 Nxg5 30. Bxc6 Bxe5 31. Kf1 Bxc3 0-1


[Site "https://www.chess.com"]

[Event "Titled Tuesday Blitz January 25 2022"]
[White "Deac, Bogdan-Daniel"]
[Black "Jaracz, Pawel"]
[WhiteFideId "1226380"]
[BlackFideId "1102222"]
[WhiteElo "3003"]
[BlackElo "2769"]
[Result "1-0"]
[Round "08"]
[TimeControl "180+1"]
[Date "2022.01.26"]
[WhiteClock "0:01:39"]
[BlackClock "0:00:39"]

1. e4 c5 2. Nf3 e6 3. g3 b6 4. d4 cxd4 5. Nxd4 a6 6. Bg2 Bb7 7. c4 d6 8. O-O Nd7 9. Nc3 Rc8 10. Qe2 Be7 11. Rd1 Qc7 12. b3 b5 13. Ndxb5 axb5 14. Nxb5 Qb8 15. Ba3 Nc5 16. e5 Bxg2 17. exd6 Qa8 18. dxe7 Nxe7 19. Nd6+ Kf8 20. Nxc8 Qxc8 21. Kxg2 Nf5 22. Bxc5+ Qxc5 23. Rd8+ 1-0


[Site "https://www.chess.com"]

[Event "Titled Tuesday Blitz January 25 2022"]
[White "Demin, Vladimir"]
[Black "Maksimovic, Bojan"]
[WhiteFideId "4167457"]
[BlackFideId "14408120"]
[WhiteElo "2517"]
[BlackElo "2450"]
[Result "0-1"]
[Round "08"]
[TimeControl "180+1"]
[Date "2022.01.26"]
[WhiteClock "0:01:12"]
[BlackClock "0:00:52"]

1. d4 d5 2. Nc3 Nf6 3. Bf4 c5 4. e3 cxd4 5. exd4 Bg4 6. f3 Bd7 7. Bd3 Nc6 8. Nge2 g6 9. Nb5 Rc8 10. c3 a6 11. Na3 Bg7 12. Qd2 O-O 13. h4 e5 14. dxe5 Nh5 15. Bh6 Nxe5 16. Bxg7 Kxg7 17. O-O-O Qa5 18. g4 Nxf3 19. Qe3 Bxg4 20. Rdf1 Rfe8 21. Qf2 Ne5 22. Bc2 Bxe2 23. Qxe2 Ng3 24. Qf2 Nxh1 25. Qf6+ Kg8 26. Rxh1 d4 27. h5 Re6 28. Qf4 Rxc3 29. hxg6 Nd3+ 0-1


[Site "https://www.chess.com"]

[Event "Titled Tuesday Blitz January 25 2022"]
[White "Di Nicolantonio, Lucas"]
[Black "Dronavalli, Harika"]
[WhiteFideId "680460"]
[BlackFideId "5015197"]
[WhiteElo "2381"]
[BlackElo "2382"]
[Result "0-1"]
[Round "08"]
[TimeControl "180+1"]
[Date "2022.01.26"]
[WhiteClock "0:00:41"]
[BlackClock "0:01:13"]

1. f4 d5 2. Nf3 g6 3. g3 Bg7 4. Bg2 Nh6 5. d3 d4 6. c3 c5 7. e4 dxe3 8. Bxe3 Nd7 9. O-O O-O 10. Kh1 Rb8 11. d4 Nf5 12. Bf2 cxd4 13. Nxd4 Nxd4 14. Bxd4 b6 15. Bxg7 Kxg7 16. Na3 Nf6 17. Nb5 a6 18. Nd4 Bb7 19. Bxb7 Rxb7 20. Qf3 Rd7 21. Rae1 Qc7 22. Re5 b5 23. Rfe1 b4 24. f5 bxc3 25. bxc3 Rc8 26. R1e3 Qd6 27. fxg6 hxg6 28. Qf4 Nd5 29. Nf5+ gxf5 30. Rxd5 Qxf4 0-1


[Site "https://www.chess.com"]

[Event "Titled Tuesday Blitz January 25 2022"]
[White "Dilmukhametov, Artur"]
[Black "Hakemi, Arman"]
[WhiteFideId "24179922"]
[BlackFideId "22520805"]
[WhiteElo "2266"]
[BlackElo "2208"]
[Result "0-1"]
[Round "08"]
[TimeControl "180+1"]
[Date "2022.01.26"]
[WhiteClock "0:00:20"]
[BlackClock "0:00:52"]

1. e4 c5 2. Nf3 e6 3. c3 Nf6 4. e5 Nd5 5. d4 cxd4 6. cxd4 d6 7. Bc4 Nc6 8. O-O Be7 9. Qe2 O-O 10. Nc3 Nxc3 11. bxc3 dxe5 12. dxe5 b6 13. Qe4 Bb7 14. Bd3 g6 15. Bh6 Re8 16. Rad1 Qc7 17. Qf4 Rad8 18. h4 Bf8 19. Be4 Ne7 20. Bxf8 Rxf8 21. Bxb7 Qxb7 22. Ng5 Nd5 23. Qf3 Qc7 24. c4 Qxc4 25. Ne4 Qc7 26. Qg3 h5 27. Qg5 Kh7 28. Rxd5 Rxd5 29. Nf6+ Kg7 30. Nxh5+ Kh7 31. Nf6+ Kg7 32. Nxd5 exd5 33. Rc1 Qd8 34. Qf4 Rh8 35. g3 Qe7 36. Rc6 Re8 37. e6 Qf6 38. exf7 Qxf7 39. Rc7 Re7 40. Qd4+ Kh7 41. Rxe7 Qxe7 42. Qxd5 Qe1+ 43. Kg2 Qe7 44. h5 gxh5 45. Qxh5+ Kg7 46. Qd5 a5 47. a4 Qb4 48. Qc6 Qd4 49. Kf3 Qd3+ 50. Kf4 Qd4+ 51. Kf3 Qd3+ 52. Kg2 Qd4 53. f4 Qd2+ 54. Kf3 Qd1+ 55. Ke4 Qh1+ 0-1


[Site "https://www.chess.com"]

[Event "Titled Tuesday Blitz January 25 2022"]
[White "Djordjevic, Vuk"]
[Black "Pranav, V"]
[WhiteFideId "902098"]
[BlackFideId "25060783"]
[WhiteElo "2463"]
[BlackElo "2349"]
[Result "0-1"]
[Round "08"]
[TimeControl "180+1"]
[Date "2022.01.26"]
[WhiteClock "0:00:02"]
[BlackClock "0:00:32"]

1. d4 Nf6 2. Bg5 Ne4 3. Bf4 c5 4. f3 Qa5+ 5. c3 Nf6 6. d5 Qb6 7. Bc1 e6 8. e4 c4 9. Nd2 exd5 10. exd5 Nxd5 11. Nxc4 Qe6+ 12. Qe2 Be7 13. Nh3 Nc6 14. Nf4 Nxf4 15. Bxf4 O-O 16. Qxe6 fxe6 17. Bd6 Kf7 18. O-O-O Bxd6 19. Nxd6+ Ke7 20. Bb5 a6 21. Ba4 b5 22. Bc2 g6 23. h4 Rh8 24. h5 gxh5 25. Rxh5 h6 26. g4 a5 27. Nxb5 Bb7 28. f4 Rag8 29. Rg1 Nd8 30. Nd4 Nf7 31. Rxa5 h5 32. g5 h4 33. Ra7 Nd8 34. f5 h3 35. f6+ Kf7 36. Rxb7 Nxb7 37. Nf3 d6 38. Rh1 Nc5 39. Kd2 Nd7 40. Ke3 Ne5 41. Nxe5+ dxe5 42. g6+ Kxf6 43. Be4 Rh4 44. b4 Rc8 45. Kd3 h2 46. b5 Rh3+ 47. Kd2 Rcxc3 48. b6 Ra3 49. b7 Rxa2+ 50. Kc1 Rh8 51. Kb1 Re2 52. Bf3 Rf2 53. Be4 Rb8 54. Kc1 Rf4 55. Bg2 e4 56. Rxh2 Rxb7 57. Kd2 Rf2+ 58. Ke3 Rbb2 0-1


[Site "https://www.chess.com"]

[Event "Titled Tuesday Blitz January 25 2022"]
[White "Dmitrenko, Viktor"]
[Black "Mitusov, Semen"]
[WhiteFideId "14110270"]
[BlackFideId "14151049"]
[WhiteElo "2262"]
[BlackElo "2246"]
[Result "0-1"]
[Round "08"]
[TimeControl "180+1"]
[Date "2022.01.26"]
[WhiteClock "0:00:03"]
[BlackClock "0:01:59"]

1. e4 e5 2. Bc4 Nc6 3. d3 Nf6 4. Nc3 Na5 5. Nge2 Bc5 6. h3 h6 7. a3 Nxc4 8. dxc4 d6 9. O-O Be6 10. Qd3 O-O 11. Na4 Nd7 12. b3 f5 13. Ng3 f4 14. Nf5 Kh7 15. b4 Bb6 16. c5 dxc5 17. Rd1 c4 18. Qe2 g6 19. Bb2 gxf5 20. exf5 Bxf5 21. Nxb6 axb6 22. Qxc4 Qe7 23. Qxc7 Rac8 24. Qxb7 Rxc2 25. Bxe5 Qxe5 26. Rxd7+ Bxd7 27. Qxd7+ Qg7 28. Qd3+ Qg6 0-1


[Site "https://www.chess.com"]

[Event "Titled Tuesday Blitz January 25 2022"]
[White "Domingo Nunez, Alejandro"]
[Black "Seul, Georg"]
[WhiteFideId "22245561"]
[BlackFideId "4601653"]
[WhiteElo "2215"]
[BlackElo "2271"]
[Result "0-1"]
[Round "08"]
[TimeControl "180+1"]
[Date "2022.01.26"]
[WhiteClock "0:00:01"]
[BlackClock "0:00:10"]

1. c4 e5 2. Nc3 d6 3. g3 f5 4. Bg2 Nf6 5. d3 Be7 6. Rb1 O-O 7. b4 Kh8 8. a4 a5 9. b5 Nbd7 10. e3 Nb6 11. Nge2 Qe8 12. Qb3 Qh5 13. h3 Rb8 14. d4 Be6 15. d5 Bc8 16. Bb2 Nbd7 17. Qc2 Nc5 18. Ba1 Qh6 19. b6 cxb6 20. Rxb6 Nfd7 21. Rb1 Na6 22. Nb5 Nb4 23. Qd2 Nc5 24. Bc3 Nbd3+ 25. Kf1 b6 26. Na7 Ba6 27. Nc6 Rbe8 28. Rxb6 Bxc4 29. Nxa5 Ne4 30. Bxe4 fxe4 31. Rh2 Bxd5 32. Nc1 Qg6 33. Kg1 Rc8 34. Rb5 Ba8 35. Nab3 Bg5 36. Nxd3 exd3 37. Nc1 Qe4 38. h4 Rxf2 39. Qxf2 Bxe3 40. Rb2 Rf8 0-1


[Site "https://www.chess.com"]

[Event "Titled Tuesday Blitz January 25 2022"]
[White "Eljanov, Pavel"]
[Black "Sargsyan, Anna M."]
[WhiteFideId "14102951"]
[BlackFideId "13308130"]
[WhiteElo "2601"]
[BlackElo "2271"]
[Result "1-0"]
[Round "08"]
[TimeControl "180+1"]
[Date "2022.01.26"]
[WhiteClock "0:01:19"]
[BlackClock "0:00:01"]

1. c4 c6 2. Nf3 d5 3. g3 Nf6 4. Bg2 g6 5. b3 Bg7 6. Bb2 O-O 7. O-O Re8 8. d4 Ne4 9. Nc3 Nd7 10. Nxe4 dxe4 11. Ng5 f5 12. Ne6 Qa5 13. Nxg7 Kxg7 14. d5+ Nf6 15. dxc6 bxc6 16. f3 exf3 17. exf3 e5 18. f4 Qc5+ 19. Kh1 e4 20. Qd2 Be6 21. Bd4 Qe7 22. Qa5 Kg8 23. Rad1 Bf7 24. Rd2 Ng4 25. h3 Nf6 26. Rfd1 Nh5 27. Kh2 Qe6 28. Bf1 Qc8 29. Be2 Ng7 30. Bb2 Ne6 31. Qc3 c5 32. Qh8# 1-0


[Site "https://www.chess.com"]

[Event "Titled Tuesday Blitz January 25 2022"]
[White "Erdogdu, Mert"]
[Black "Saravana, Krishnan P."]
[WhiteFideId "6301495"]
[BlackFideId "5018382"]
[WhiteElo "2485"]
[BlackElo "2210"]
[Result "1-0"]
[Round "08"]
[TimeControl "180+1"]
[Date "2022.01.26"]
[WhiteClock "0:00:18"]
[BlackClock "0:00:08"]

1. e4 e6 2. d4 d5 3. exd5 exd5 4. c4 Nf6 5. Nc3 Be7 6. Bd3 O-O 7. Nf3 Bg4 8. h3 Bh5 9. O-O c6 10. Bf4 dxc4 11. Bxc4 Nbd7 12. Bb3 Nb6 13. g4 Bg6 14. Ne5 Nbd5 15. Bh2 Bd6 16. Qe2 Re8 17. f4 Nxc3 18. bxc3 Bxe5 19. dxe5 Bd3 20. Qf3 Bxf1 21. Rxf1 Nd5 22. f5 Qb6+ 23. Kh1 Rad8 24. h4 Qc5 25. h5 h6 26. Bg1 Qf8 27. Bd4 f6 28. exf6 gxf6 29. Bxa7 Kg7 30. Bd4 c5 31. Bg1 Qd6 32. Rd1 c4 33. Bxc4 Re5 34. Bh2 Rde8 35. Bxe5 Qxe5 36. Bxd5 b6 37. c4 Rc8 38. Kg2 Re8 39. a4 Qb2+ 40. Kg3 Qe5+ 41. Kh3 b5 42. axb5 Qd6 43. Be6 Qc5 44. Rd7+ Kh8 45. Qf4 Qa3+ 46. Kh4 Qf8 47. Rf7 Qxf7 48. Bxf7 Kg7 49. Bxe8 1-0


[Site "https://www.chess.com"]

[Event "Titled Tuesday Blitz January 25 2022"]
[White "FGHSMN"]
[Black "Putnam, Liam"]
[BlackFideId "30938279"]
[WhiteElo "2710"]
[BlackElo "2035"]
[Result "1-0"]
[Round "08"]
[TimeControl "180+1"]
[Date "2022.01.26"]
[WhiteClock "0:00:26"]
[BlackClock "0:00:10"]

1. b3 e5 2. Bb2 Nc6 3. c4 Nf6 4. e3 d5 5. cxd5 Nxd5 6. a3 Bd6 7. d3 O-O 8. Nd2 Qe7 9. Ngf3 f5 10. Qc2 Kh8 11. Be2 Bd7 12. Nc4 Rae8 13. O-O b5 14. Ncd2 e4 15. dxe4 fxe4 16. Nd4 Nxd4 17. Bxd4 c5 18. Bb2 Bc6 19. Rad1 a6 20. g3 Rf7 21. Bh5 Qe6 22. Qxe4 Qh6 23. Bxf7 Rxe4 24. Nxe4 c4 25. Bxd5 1-0


[Site "https://www.chess.com"]

[Event "Titled Tuesday Blitz January 25 2022"]
[White "Fawzy, Adham"]
[Black "Maghsoodloo, Parham"]
[WhiteFideId "10613129"]
[BlackFideId "12539929"]
[WhiteElo "2510"]
[BlackElo "2630"]
[Result "0-1"]
[Round "08"]
[TimeControl "180+1"]
[Date "2022.01.26"]
[WhiteClock "0:00:03"]
[BlackClock "0:00:39"]

1. e4 c5 2. c4 Nc6 3. Nc3 g6 4. g3 Bg7 5. Bg2 h5 6. h3 a6 7. Nge2 Rb8 8. a4 d6 9. d3 Nf6 10. O-O O-O 11. Be3 Nd7 12. d4 cxd4 13. Nxd4 Bxd4 14. Bxd4 Nde5 15. Bxe5 dxe5 16. b3 Qxd1 17. Rfxd1 Nd4 18. Rab1 h4 19. Nd5 e6 20. Nb6 Kg7 21. c5 g5 22. gxh4 gxh4 23. Kh2 Rd8 24. Bh1 Bd7 25. Rg1+ Kf6 26. b4 Bc6 27. Rg4 Rh8 28. f4 exf4 29. Rxf4+ Ke7 30. Rbf1 Rh7 31. e5 Ne2 32. Bxc6 Nxf4 33. Be4 Ng6 34. Nc4 Rh5 35. Bxg6 fxg6 36. a5 Rf5 37. Rd1 Rf4 38. Rc1 Rbf8 39. Nd6 Rxb4 40. Rg1 Rb2+ 41. Kh1 Rf3 42. Rxg6 Rxh3+ 43. Kg1 Rg3+ 0-1


[Site "https://www.chess.com"]